 Dungeon Crawl Stone Soup version 0.23-a0-310-gdcc7a32 (webtiles) character file.

869 Garbasso the Slinger (level 8, -1/52 HPs)
             Began as a Halfling Hunter on Oct 12, 2018.
             Was a Believer of Okawaru.
             Slain by an orc warrior
             ... wielding a +0 flail
              (22 damage)
             ... on level 6 of the Dungeon.
             The game lasted 00:16:40 (5261 turns).

Garbasso the Slinger (Halfling Hunter)              Turns: 5261, Time: 00:16:41

Health: -1/52      AC:  6    Str: 13    XL:     8   Next: 24%
Magic:  8/8        EV: 17    Int: 10    God:    Okawaru [**....]
Gold:   307        SH:  0    Dex: 16    Spells: 7/7 levels left

rFire    . . .     SeeInvis .   b - +0 short sword
rCold    . . .     Gourm    .   (shield restricted)
rNeg     . . .     Faith    .   c - +0 leather armour
rPois    .         Spirit   .   q - +0 helmet
rElec    .         Reflect  .   (no cloak)
rCorr    .         Harm     +   v - +0 pair of gloves
MR       .....                  s - +0 pair of boots
Stlth    ++........             B - amulet of harm
HPRegen  0.17/turn              (no ring)
MPRegen  0.11/turn              (no ring)

@: no status effects
A: small, mutation resistance 1
a: Heroism, Renounce Religion


You were on level 6 of the Dungeon.
You worshipped Okawaru.
Okawaru was pleased with you.
You were very hungry.

You visited 1 branch of the dungeon, and saw 6 of its levels.

You collected 307 gold pieces.

Inventory:

Hand Weapons
 a - a +2 hunting sling
 b - a +0 short sword (weapon)
Missiles
 d - 53 sling bullets
 g - 157 stones (quivered)
Armour
 c - a +0 leather armour (worn)
 q - a +0 helmet (worn)
 s - a +0 pair of boots (worn)
 v - a +0 pair of gloves (worn)
 D - a +1 hat
Jewellery
 t - an uncursed ring of ice
 A - an uncursed amulet of rage
 B - an amulet of harm (around neck)
Wands
 o - a wand of flame (33)
 y - a wand of digging (14)
Scrolls
 e - 2 scrolls of teleportation
 h - 2 scrolls of fear
 j - a scroll of enchant weapon
 k - 3 scrolls of amnesia
 m - 4 scrolls of remove curse
 w - 2 scrolls of immolation
Potions
 i - 4 potions of curing
 l - a potion of brilliance {unknown}
 n - 2 potions of lignification
 r - a potion of degeneration {unknown}
 u - a potion of flight {unknown}
 z - a potion of might {unknown}
 C - 2 potions of mutation {unknown}
Comestibles
 f - 12 rations


   Skills:
 - Level 3.0 Fighting
 - Level 2.2 Short Blades
 * Level 11.0 Slings
 + Level 5.4 Dodging
 - Level 1.1 Stealth


You had 7 spell levels left.
You didn't know any spells.
Your spell library was empty.

Dungeon Overview and Level Annotations

Branches:
Dungeon (6/15)
 Temple: D:4-7

Altars:
Elyvilon
Gozag
Okawaru
Uskayaw
The Shining One

Shops:
D:4 %

Annotations:
D:3 3 runed doors, eyesofgods1's ghost, amateur NaTm


Innate Abilities, Weirdness & Mutations

You are small and have problems with some larger weapons.
You are somewhat resistant to further mutation.


Message History

The orc warrior hits you with a flail!
Firing (i - inventory. (/) - cycle)
d - 55 sling bullets (quivered)
Press: ? - help, Shift-Dir - straight line, f/p - orc warrior
Aim: an orc warrior, wielding a flail and wearing a chain mail (lightly You shoot a sling bullet.
The sling bullet hits the orc warrior.
The orc warrior is moderately wounded.
Firing (i - inventory. (/) - cycle)
d - 54 sling bullets (quivered)
Press: ? - help, Shift-Dir - straight line, f/p - orc warrior
Aim: an orc warrior, wielding a flail and wearing a chain mail (moderately You shoot a sling bullet.
The sling bullet closely misses the orc warrior.
The orc warrior hits you with a flail!
You are too injured to fight recklessly!
You are too injured to fight recklessly!
You are too injured to fight recklessly!
You are too injured to fight recklessly!
You fail to use your ability.
b - a +0 short sword (weapon)
The orc warrior hits you with a flail!!
You die...

#........#####.#..............
#.........[....#.#..#.........
#........#######.#..#...######
#........#######.####.##.####
#.......###.........#.##....##
###...#####.........#.##.##.##
#.............##..#.##.##.##
#.............#####.##.#...#
#. ........@........##......
#......o..###...#######.#
#.........# ..# #.#
#.........# # #.# ....(.......
... #.........### ...
#.........# .... #(......(.#
.... #.....##### .....


You could see an orc warrior.

Vanquished Creatures
  An orc warrior (D:5)
  2 ogres
  A bullfrog (D:6)
  2 hounds (D:4)
  2 orc wizards
  An orc priest (D:6)
  A bullfrog skeleton (D:5)
  An iguana (D:4)
  4 worker ants
  A killer bee zombie (D:6)
  2 hound zombies (D:6)
  4 gnolls (D:5)
  6 adders
  A worm (D:2)
  3 dart slugs
  4 leopard geckos
  11 orcs
  7 giant cockroaches
  6 goblins
  7 hobgoblins
  5 jackals
  2 kobolds
  2 quokkas
  2 ball pythons
  9 bats
  6 frilled lizards
  A leopard gecko skeleton (D:4)
  A quokka skeleton (D:5)
  8 rats
103 creatures vanquished.

Notes
Turn   | Place    | Note
-------+----------+-------------------------------------------
     0 | D:1      | Garbasso the Halfling Hunter began the quest for the Orb.
     0 | D:1      | Reached XP level 1. HP: 14/14 MP: 1/1
   288 | D:1      | Reached skill level 6 in Slings
   330 | D:1      | Reached XP level 2. HP: 15/19 MP: 2/2
   519 | D:1      | Reached XP level 3. HP: 16/24 MP: 3/3
  1062 | D:2      | Found an iron altar of Okawaru.
  1071 | D:2      | Became a worshipper of Warmaster Okawaru
  1213 | D:2      | Reached XP level 4. HP: 26/29 MP: 4/4
  1398 | D:2      | Reached skill level 7 in Slings
  1422 | D:2      | Reached skill level 1 in Short Blades
  1816 | D:3      | Reached XP level 5. HP: 34/35 MP: 5/5
  1842 | D:3      | Found a glowing golden altar of the Shining One.
  1864 | D:3      | Found a hide-covered altar of Uskayaw.
  2371 | D:3      | Found a runed gate.
  2371 | D:3      | Found a runed gate.
  2371 | D:3      | Found a runed gate.
  2371 | D:3      | Noticed eyesofgods1's ghost (amateur NaTm)
  2545 | D:4      | Found Hymmie Iqow's Food Shoppe.
  2612 | D:4      | Reached XP level 6. HP: 41/41 MP: 6/6
  2651 | D:4      | Reached * piety under Okawaru
  2651 | D:4      | Reached skill level 8 in Slings
  3518 | D:5      | Entered Level 5 of the Dungeon
  3527 | D:5      | Found an opulent altar of Gozag.
  3693 | D:5      | Reached XP level 7. HP: 46/46 MP: 7/7
  3873 | D:5      | Reached skill level 9 in Slings
  3914 | D:5      | Found a white marble altar of Elyvilon.
  4507 | D:6      | Reached skill level 10 in Slings
  4564 | D:6      | Reached ** piety under Okawaru
  4769 | D:6      | Reached skill level 5 in Dodging
  4903 | D:6      | Reached XP level 8. HP: 52/52 MP: 8/8
  5247 | D:6      | Reached skill level 11 in Slings
  5261 | D:6      | Slain by an orc warrior

Vault maps used:
D:1:      co_arrival_random_square_maze
D:2:      minmay_misc_feat_plants, okawaru_gym_becter
D:3:      lemuel_crystal_altar, tso_oasis_becter, gammafunk_ghost_necromancy
D:4:      serial_shops, shop
D:5:      nicolae_overflow_hidden_temple, elyvilon_altar_5, first_ration,
          kennysheep_generic_room_4
D:6:      portal_sewer_entry_e, hangedman_decor_points,
          eino_small_chamber_without_monster

Skill      XL: |  1  2  3  4  5  6  7  8 |
---------------+-------------------------+-----
Slings         | 6 7 8 10 11 | 11.0
Fighting       | 2 3 |  3.0
Short Blades   | 1 2 |  2.2
Dodging        | 3 4 5 |  5.4
Stealth        | |  1.1

Action                   |  1- 3 |  4- 6 |  7- 9 || total
-------------------------+-------+-------+-------++-------
Melee: Short sword       |    66 |    68 |    56 ||   190
 Fire: Hunting sling     |    36 |   131 |    86 ||   253
Invok: Heroism           |       |       |     1 ||     1
  Use: Scroll            |       |    11 |     1 ||    12
 Stab: Sleeping          |       |     2 |       ||     2
  Eat: Chunk             |     1 |     7 |     4 ||    12
Armor: Leather armour    |    13 |    16 |    13 ||    42
Dodge: Dodged            |    61 |    73 |    59 ||   193

Table legend:
 A = Non-vault XP
 B = Vault XP
 C = Vault XP percentage of total XP
 D = Non-vault monster count
 E = Vault monster count
 F = Vault count percentage of total count
                 A         B        C        D         E       F
            +---------+---------+-------+---------+---------+-------
      Total |    1242 |       0 |   0.0 |     103 |       0 |   0.0
            +---------+---------+-------+---------+---------+-------
        D:1 |      42 |       0 |   0.0 |      24 |       0 |   0.0
        D:2 |      91 |       0 |   0.0 |      15 |       0 |   0.0
        D:3 |      31 |       0 |   0.0 |      10 |       0 |   0.0
        D:4 |     305 |       0 |   0.0 |      18 |       0 |   0.0
        D:5 |     393 |       0 |   0.0 |      22 |       0 |   0.0
        D:6 |     380 |       0 |   0.0 |      14 |       0 |   0.0
            +---------+---------+-------+---------+---------+-------
